AoeStats
← Goku_San

Black Forest

510536360Analyzed
3v3 RM · 1d ago on Oct 1, 2026· 22m 7s· 6 players
Game mode
Random Map
Map size
Normal (6 player)
Population
200
Speed
Normal
Resources
Standard
Victory
Conquest
Starting age
Dark Age
Ending age
Imperial Age
RankedLock teamsTeams togetherTeam positionsShared explorationLock speedFull tech treeHidden civsTurbo modeCheats
Victory
Defeat
🇮🇱 Franks · Israel
1286
+16
🇦🇺 Khmer · Australia
1277
+16
🇺🇸 Teutons · United States
1265
+17
🇺🇸 Vietnamese · United States
1370
-20
🇧🇷 Burmese · Brazil
1267
-16
1194
-13
sbr
0:28 Loom
11:55 Feudal Age
16:21 Double-Bit Axe
16:30 Fletching
18:33 Gold Mining
19:01 Padded Archer Armor
21:32 Stone Mining
21:25 Horse Collar
Goku_San
6:55 Loom
9:28 Feudal Age
9:56 Double-Bit Axe
14:06 Castle Age
14:35 Gold Mining
15:26 Scale Barding Armor
17:05 Husbandry
21:00 Forging
the black fella
1:03 Loom
12:06 Feudal Age
15:39 Castle Age
13:46 Horse Collar
16:20 Double-Bit Axe
20:26 Heavy Plow
21:26 Gold Mining
RumHam
0:44 Loom
11:23 Feudal Age
15:08 Castle Age
13:29 Double-Bit Axe
14:15 Horse Collar
Eyaculador de Poemas
0:26 Loom
12:15 Feudal Age
16:52 Castle Age
15:07 Double-Bit Axe
16:26 Fletching
21:10 Wheelbarrow
21:51 Ballistics
Pikachu Pay
5:34 Loom
5:44 Loom
11:04 Feudal Age
11:06 Man-at-Arms
11:32 Arson
16:56 Horse Collar
Connection lost

Rejoining the realm…

Still unreachable

The connection could not be restored.

Session expired

The server has moved on; the page needs a fresh start.